Map: Catalyseur EC

Players

HoldTheDoor - Winner!

  • Race: Protoss Protoss
  • League: Diamond
  • Spawn Location: 5:00

mdsalieri

  • Race: Protoss Protoss
  • League: Diamond
  • Spawn Location: 11:00

VOD

Have the link to the VOD?

Description

Time

  • Played on: July 14, 2018, 2:11 p.m.
  • Length: 5:21
Show
View Real Time Build Order
Export as new Build Order

HoldTheDoor Protoss - Winner!

Build Orders:  

Get SALT Encoding   

  12  0:01  Probe  
  13  0:13  Probe  
  14  0:18  Pylon  
  14  0:25  Probe  
  15  0:36  Probe  
  15  0:40  Forge  
  16  0:44  Probe  
  17  0:52  Probe  
  18  1:00  Pylon  
  18  1:03  Probe  
  19  1:15  Probe  
  20  1:20  Photon Cannon  
  20  1:59  Pylon  
  20  2:03  Pylon  
  20  2:10  Pylon  
  20  2:19  Photon Cannon  
  20  2:20  Photon Cannon  
  20  2:24  Photon Cannon  
  20  2:34  Photon Cannon  
  20  2:36  Pylon  
  20  2:48  Photon Cannon  
  20  3:02  Photon Cannon  
  20  3:04  Pylon  
  20  3:09  Pylon  
  20  3:25  Pylon  
  20  3:28  Photon Cannon  
  20  3:30  Photon Cannon  
  20  3:40  Photon Cannon  
  20  4:11  Assimilator  
  20  4:12  Assimilator  
  20  4:21  Pylon  
  20  4:22  Gateway  
  20  4:24  Pylon  
  20  4:26  Photon Cannon  
  20  4:29  Pylon  
  20  4:32  Pylon  
  20  4:34  Pylon  
  20  4:40  Pylon  
  20  4:54  Photon Cannon  
  20  4:58  Pylon  
  20  5:02  Photon Cannon  
  20  5:04  Pylon  
  20  5:06  Pylon  
  20  5:07  Pylon  
  20  5:15  Photon Cannon  
  20  5:16  Pylon  
Show
View Real Time Build Order
Export as new Build Order

mdsalieri Protoss 

Build Orders:  

Get SALT Encoding   

  12  0:01  Probe  
  13  0:13  Probe  
  14  0:21  Pylon  
  14  0:25  Probe  
  15  0:36  Probe  
  15  0:39  Gateway  
  16  0:44  Probe  
  17  0:50  Assimilator  
  17  0:53  Probe  
  18  1:03  Probe  
  18  1:04  Assimilator  
  19  1:11  Probe  
  20  1:19  Gateway  
  20  1:39  Cybernetics Core  
  20  1:47  Probe  
  21  2:00  Probe  
  22  2:04  Pylon  
  22  2:12  Stalker  
  24  2:26  Stalker  
  24  2:28  Probe  
  27  2:40  Probe  
  28  3:12  Shield Battery, Pylon  
  28  3:15  Shield Battery  
  9  4:08  Nexus  
  9  4:10  Pylon  
  9  4:32  Gateway  
Tags
 
Matchup
PvP
Spawn Locations
Cross Positions
Add a new tag
Caveats
  • Supply blocks, unpowered buildings, or Contaminate may cause inaccurate times.
  • Supply counts are checked every 10 seconds.